 Dungeon Crawl Stone Soup version 0.30-a0-528-g8c47a4955b (webtiles) character file.

Game seed: 15728681333511235654

687 PyroL the Changer (level 7, 0/46 HPs)
             Began as an Octopode Transmuter on Dec 23, 2022.
             Was an Initiate of Ashenzari.
             Killed by divine providence
             ... invoked by an orc priest
              (11 damage)
             ... on level 5 of the Dungeon.
             The game lasted 00:10:39 (4421 turns).

PyroL the Changer (Octopode Transmuter)             Turns: 4421, Time: 00:10:39

Health: 0/46       AC:  2    Str:  9    XL:     7   Next: 62%
Magic:  5/10       EV: 19    Int: 18    God:    Ashenzari [......]
Gold:   324        SH:  0    Dex: 17    Spells: 4/10 levels left

rFire   . . .      SeeInvis +      - Unarmed
rCold   . . .      Faith    .    (shield currently unavailable)
rNeg    . . .      Spirit   .    (helmet currently unavailable)
rPois   x          Reflect  .    (no amulet)
rElec   .          Harm     .    i - ring "Profound Apathy" {SInv, Evo, Range} (curse)
rCorr   .          Rampage  .    (no ring)
Will    .....                    (no ring)
Stlth   ++                       (no ring)
HPRegen 0.27/turn                (no ring)
MPRegen 0.12/turn                (no ring)
                                 (no ring)
                                 (no ring)

@: spider-form, wereblooded
A: venomous fangs, almost no armour, (amphibious), 8 rings, tiny, (camouflage
1), (gelatinous body 1), (nimble swimmer 1), (tentacles)
a: End Transformation, Renounce Religion, Shatter the Chains


You were on level 5 of the Dungeon.
You worshipped Ashenzari.
Ashenzari was noncommittal.
You were a venomous arachnid creature.
You visited 1 branch of the dungeon, and saw 5 of its levels.

You collected 324 gold pieces.

Inventory:

Hand Weapons
 f - a +5 whip (melded)
Missiles
 d - 7 poisoned darts
Jewellery
 i - the cursed ring "Profound Apathy" (left front leg) {SInv, Evo, Range}
   (You found it on level 2 of the Dungeon)

   [ring of see invisible]

   SInv:      It lets you see invisible.
   It has a curse which improves the following skills: Evocations: Evocations.
   Ranged Combat: Ranged Weapons and Throwing.
Scrolls
 b - a scroll of enchant armour
 c - 3 scrolls of teleportation
 m - 2 scrolls of magic mapping {unknown}
 n - a scroll of butterflies {unknown}
Potions
 a - 3 potions of lignification
 e - 2 potions of curing
 g - 2 potions of heal wounds {unknown}
 h - a potion of ambrosia {unknown}
 j - a potion of invisibility
 k - a potion of experience {unknown}
 l - 2 potions of attraction {unknown}


   Skills:
 - Level 3.5 Fighting
 + Level 2.1 Dodging
 - Level 5.0 Unarmed Combat
 - Level 2.0 Spellcasting
 - Level 5.6 Transmutations
 - Level 3.0 Poison Magic


You had 4 spell levels left.
You knew the following spells:

 Your Spells              Type           Power      Damage    Failure   Level
a - Beastly Appendage     Tmut           44%        N/A       8%          1
b - Wereblood             Tmut           22%        N/A       10%         2
c - Spider Form           Tmut/Pois      17%        N/A       24%         3

Your spell library contained the following spells:

 Spells                   Type           Power      Damage    Failure   Level
 Ignite Poison            Fire/Tmut/Pois 12%        N/A       36%         3
 Kindle Blastsparks       Fire/Tloc/Air  2%         2d10      69%         3
 Ice Form                 Ice/Tmut       11%        N/A       71%         4
 Freezing Cloud           Conj/Ice/Air   0%         6-21      100%        5


Dungeon Overview and Level Annotations

Branches:
Dungeon (5/15)
 Temple: D:4-7

Altars:
Ashenzari
Cheibriados
Dithmenos
Qazlal
Vehumet
Wu Jian
Yredelemnul

Annotations:
D:4 3 runed translucent doors, bande's ghost, amateur GrFi
D:5 Grinder


Innate Abilities, Weirdness & Mutations

You are a venomous arachnid creature.
You have poisonous fangs.
You are tiny and dextrous.
Your spellcasting is less reliable in this form.
Your armour is entirely melded.
You are incapable of wielding weapons or throwing items.
You cannot wear most types of armour.
((You are amphibious.))
You can wear up to eight rings at the same time.
((Your skin changes colour to match your surroundings (Stealth+).))
((Your rubbery body absorbs attacks. (AC +1, EV +1)))
((You are camouflaged when in or above water. (Stealth+)))
((You have tentacles for arms and can constrict up to eight enemies at once.))


Message History

You add the spells Kindle Blastsparks, Ignite Poison and Freezing Cloud to your library.
You now have 324 gold pieces (gained 7).
Grinder, an orc priest and an orc wizard come into view.
The orc wizard shouts!
The orc priest shouts!
You hear a shout!
Grinder shouts!
The orc wizard attacks as you move away!
The orc wizard hits you with a +0 dagger.
Casting: Wereblood (safe; 2% risk of failure)
Confirm with . or Enter, or press ? or * to list all spells.
You turn into a venomous arachnid creature.
Your +5 whip melds into your body.
The orc wizard hits you with a +0 dagger.
Casting: Spider Form (quite dangerous; 24% risk of failure)
Confirm with . or Enter, or press ? or * to list all spells.
Your blood is infused with primal strength.
The orc wizard barely misses you.
The orc priest calls down the wrath of Beogh upon you.
Beogh smites you!
You barely miss the orc wizard.
The orc wizard points at you and mumbles some strange words.
The magic dart hits you.
* * * LOW HITPOINT WARNING * * *
Grinder blinks!
You bite the orc wizard!
The orc wizard is poisoned.
The orc wizard is severely wounded.
The orc wizard hits you with a +0 dagger.
* * * LOW HITPOINT WARNING * * *
An orc comes into view. It is wielding a +0 short sword.
The orc priest invokes the aid of Beogh against you.
Beogh smites you!
* * * LOW HITPOINT WARNING * * *
You closely miss the orc wizard.
The orc wizard is almost dead.
The orc wizard hits you with a +0 dagger.
* * * LOW HITPOINT WARNING * * *
Unknown command.
You hit the orc wizard.
You feel a bit better.
You kill the orc wizard!
The orc priest calls down the wrath of Beogh upon you.
Beogh smites you!
You die...

## .. .# o# .# ###
##################o#.....
#...............s5o......
#.################....###
#.# .###.# #.# .# #.# .#
#.#.# .. #.#.# ## #.#.#
#.#.#


You could see Grinder, an orc priest and an orc.

Vanquished Creatures
  Sigmund (D:2)
  An ogre (D:4)
  A vampire bat (D:5)
  A jelly (D:5)
  Jessica (D:2)
  4 orc wizards (D:5)
  Terence (D:2)
  4 iguanas
  3 adders (D:2)
  A white imp (D:5)
  2 dart slugs (D:3)
  3 worms
  14 orcs
  8 ball pythons
  10 bats
  7 endoplasms
  3 giant cockroaches
  5 goblins
  5 hobgoblins
  8 quokkas
  5 frilled lizards
  8 kobolds
  5 rats
101 creatures vanquished.

Notes
Turn   | Place    | Note
-------+----------+-------------------------------------------
     0 | D:1      | PyroL the Octopode Transmuter began the quest for the Orb.
     0 | D:1      | Reached XP level 1. HP: 13/13 MP: 3/3
    53 | D:1      | Found a faded altar of an unknown god.
   120 | D:1      | Reached skill level 1 in Poison Magic
   194 | D:1      | Reached XP level 2. HP: 18/18 MP: 3/5
   580 | D:1      | Reached XP level 3. HP: 21/23 MP: 4/6
   889 | D:2      | Learned a level 2 spell: Wereblood
  1029 | D:2      | Noticed Jessica
  1035 | D:2      | Killed Jessica
  1036 | D:2      | Reached XP level 4. HP: 21/28 MP: 5/7
  1126 | D:2      | Found a radiant altar of Vehumet.
  1162 | D:2      | Noticed Terence
  1170 | D:2      | Learned a level 3 spell: Spider Form
  1414 | D:2      | Noticed Sigmund
  1421 | D:2      | Killed Sigmund
  1422 | D:2      | Reached skill level 5 in Transmutations
  1422 | D:2      | Reached XP level 5. HP: 17/33 MP: 6/8
  1422 | D:2      | Reached XP level 6. HP: 20/38 MP: 6/9
  1508 | D:2      | Killed Terence
  2288 | D:3      | Found a snail-covered altar of Cheibriados.
  2288 | D:3      | Found a shadowy altar of Dithmenos.
  2683 | D:3      | Found a broken altar of Ashenzari.
  2980 | D:3      | Became a worshipper of Ashenzari the Shackled
  3152 | D:4      | Found a runed translucent gate.
  3152 | D:4      | Found a runed translucent gate.
  3154 | D:4      | Found a runed translucent gate.
  3155 | D:4      | Noticed bande's ghost (amateur GrFi)
  3171 | D:4      | Noticed a yak
  3333 | D:4      | Found a basalt altar of Yredelemnul.
  3356 | D:4      | Found an ornate altar of the Wu Jian Council.
  3362 | D:4      | Reached XP level 7. HP: 22/45 MP: 6/10
  3855 | D:5      | Entered Level 5 of the Dungeon
  4170 | D:5      | Reached skill level 5 in Unarmed Combat
  4196 | D:5      | Found a stormy altar of Qazlal.
  4414 | D:5      | Noticed Grinder
  4421 | D:5      | Killed from afar by an orc priest

Illustrated notes

Levels and vault maps discovered:
D:1:      onia_arrival_pyramid, layout_loops_cross, serial_rivers,
          chequers_serial_rivers_marsh, chequers_serial_rivers_micro_a,
          chequers_serial_rivers_small_b, chequers_serial_rivers_micro_d,
          chequers_serial_rivers_large_a, chequers_serial_rivers_room_b,
          ebering_ecumenical_altar_webs, dreamdust_princess_bridge
D:2:      layout_basic, basic_altar, uniq_sigmund, uniq_terence, uniq_jessica
D:3:      layout_basic, mainiacjoe_overflow_alcove_2, jmf_multi_god_temple,
          kennysheep_crisscross
D:4:      layout_basic, grunt_temple_overflow_open, gammafunk_ghost_split
D:5:      layout_loops_ring, kennysheep_mini_moat, roderic_batcave, uniq_grinder

Skill      XL: |  1  2  3  4  5  6  7 |
---------------+----------------------+-----
Poison Magic   | 1 2 3 |  3.0
Transmutations | 3 5 |  5.6
Fighting       | 2 3 |  3.5
Unarmed Combat | 4 5 |  5.0
Dodging        | |  2.1
Spellcasting   | |  2.0

Action                   |  1- 3 |  4- 6 |  7- 9 || total
-------------------------+-------+-------+-------++-------
Melee: Unarmed           |    51 |     6 |    38 ||    95
       Kick              |    18 |    33 |     1 ||    52
       Constrict         |    15 |    24 |     9 ||    48
       Tentacles         |     8 |    20 |     2 ||    30
       Punch             |     1 |     5 |     1 ||     7
       Whip              |    13 |    83 |    34 ||   130
 Cast: Beastly Appendage |    17 |    23 |     8 ||    48
       Wereblood         |       |     4 |     4 ||     8
       Spider Form       |       |     1 |     6 ||     7
Invok: Curse Item        |       |       |     1 ||     1
  Use: Scroll            |       |     6 |     2 ||     8
 Stab: Sleeping          |     7 |     2 |       ||     9
Armor: Skin              |     3 |     4 |    22 ||    29
Dodge: Dodged            |    37 |    57 |    87 ||   181

Table legend: (Time is in decaauts)
 A = Elapsed time spent in this place.
 B = Non-inter-level travel time spent in this place.
 C = Inter-level travel time spent in this place.
 D = Time resting spent in this place.
 E = Time spent auto-exploring this place.
 F = Levels seen in this place.
 G = Mean time per level.
                   A        B        C        D        E       F      G
               +--------+--------+--------+--------+--------+-----+--------+
         Total |   4424 |   4235 |    189 |    313 |   3178 |   5 |  884.8 |
       Dungeon |   4424 |   4235 |    189 |    313 |   3178 |   5 |  884.8 |
               +--------+--------+--------+--------+--------+-----+--------+

Top non-repeatable levels by time:
     D:2: 1151 daAuts
     D:3: 917 daAuts
     D:4: 915 daAuts
     D:1: 875 daAuts
     D:5: 565 daAuts
